 Dungeon Crawl Stone Soup version 0.16.0-18-g484a79e (webtiles) character file.

354 SKei0 the Covert (level 6, -4/30 HPs)
             Began as a Vine Stalker Assassin on Mar 22, 2015.
             Was a Follower of Okawaru.
             Killed by divine providence
             ... invoked by an orc priest
              (7 damage)
             ... on level 4 of the Dungeon.
             The game lasted 00:11:19 (3094 turns).

SKei0 the Covert (Vine Stalker Assassin)            Turns: 3094, Time: 00:11:20

Health: -4/30      AC:  4    Str: 14    XL:     6   Next: 63%
Magic:  0/8        EV: 11    Int: 11    God:    Okawaru [*.....]
Gold:   297        SH:  0    Dex: 17    Spells: 0 memorised, 5 levels left

rFire  . . .     SeeInvis +     a - +2 dagger
rCold  . . .     Clarity  +     c - +0 robe
rNeg   . . .     SustAb   .     (no shield)
rPois  +         Gourm    .     F - +0 helmet
rElec  .         Spirit   +     d - +0 cloak
rCorr  .         Warding  .     (no gloves)
rMut   .         Stasis   .     (no boots)
MR     .....                    t - amulet of clarity
Stlth  ++++......               v - ring of poison resistance
                                k - ring of see invisible

@: not resistant to hostile enchantments, stealthy
A: fangs 2, regeneration 2, magic shield, antimagic bite, no device heal 3, rot
immunity
a: Heroism, Renounce Religion


You were on level 4 of the Dungeon.
You worshipped Okawaru.
Okawaru was aware of your devotion.
You were hungry.

You visited 1 branch of the dungeon, and saw 4 of its levels.

You collected 297 gold pieces.

Inventory:

Hand weapons
 a - a +2 dagger (weapon)
 b - a +0 blowgun
 n - a +0 short sword
Missiles
 e - 22 poisoned needles
 f - 2 curare-tipped needles
Armour
 c - a +0 robe (worn)
 d - a +0 cloak (worn)
 F - a +0 helmet (worn)
Jewellery
 k - a ring of see invisible (left hand)
 t - an amulet of clarity (around neck)
 v - a ring of poison resistance (right hand)
Scrolls
 h - 4 scrolls of identify {unknown}
 i - a scroll of blinking {unknown}
 m - a scroll of enchant weapon {unknown}
 o - 2 scrolls of amnesia {unknown}
 p - a scroll of magic mapping {unknown}
 r - a scroll of fear {unknown}
 x - a scroll of random uselessness {unknown}
 y - a scroll of remove curse {unknown}
 C - a scroll of recharging {unknown}
 E - a scroll of enchant armour {unknown}
Potions
 j - 2 potions of brilliance {unknown}
 l - a potion of magic {unknown}
 q - a potion of might {unknown}
 s - 2 potions of poison {unknown}
 u - a potion of agility {unknown}
 A - a potion of restore abilities {unknown}
 B - a potion of curing {unknown}
 D - a potion of heal wounds {unknown}
Comestibles
 g - 5 bread rations
 w - a beef jerky
 z - a fruit


   Skills:
 - Level 1.7 Fighting
 - Level 1.7 Short Blades
 - Level 1.7 Throwing
 - Level 0.7 Dodging
 + Level 9.8 Stealth


You had 5 spell levels left.
You didn't know any spells.

Dungeon Overview and Level Annotations

Branches:
Dungeon (4/15)             Temple (0/1) D:4

Altars:
Okawaru
Qazlal
Beogh


Innate Abilities, Weirdness & Mutations

You have extremely sharp teeth.
You heal very quickly.
When hurt, damage is shared between your health and your magic reserves.
Your bite disrupts and absorbs the magic of your enemies.
Potions and wands cannot restore your health.
You are immune to rotting.


Message History

The orc priest is almost dead.
The orc priest closely misses you. The orc wizard hits you with a dagger.
* * * LOW HITPOINT WARNING * * *
The orc hits you but does no damage.
You hit the orc priest but do no damage.
The orc priest is almost dead.
The orc priest barely misses you.
The orc wizard hits you but does no damage.
The orc closely misses you.
You closely miss the orc priest. Your bite misses the orc priest.
The orc priest is almost dead.
The orc priest mumbles some strange prayers to Beogh against you.
You struggle to resist.
The orc wizard barely misses you. The orc hits you but does no damage.
You hit the orc priest but do no damage.
You bite the orc priest, but do no damage.
The orc priest is almost dead.
The orc priest mumbles some strange prayers to Beogh against you.
Something smites you!
You die...

###..................#
#.#.....#.......#..#
#.......#.###...# .
###.............#
###...#.###...#
#...#(###...#
#...........#
#...##.##..##
##@####.##..#
#ooo##......##.#
#.8.8.#.........#
#$.$$$#.........#
#.8.8.##.##.###.##
##$_.###.##.# #..#
#######.##.# #..#
#.#.##.##.###..#
#.#............#


You could see an orc priest, an orc wizard and an orc.

Vanquished Creatures
  An ogre (D:4)
  An orc priest (D:3)
  3 hounds
  A hound skeleton (D:4)
  3 adders
  A giant mite (D:3)
  3 worms
  An adder skeleton (D:4)
  3 giant geckos
  6 orcs
  14 bats
  A giant cockroach (D:3)
  12 goblins
  7 hobgoblins
  12 jackals
  A ball python (D:2)
  3 giant newts
  12 kobolds
  A quokka (D:4)
  10 rats
96 creatures vanquished.

Notes
Turn   | Place    | Note
--------------------------------------------------------------
     0 | D:1      | SKei0, the Vine Stalker Assassin, began the quest for the Orb.
     0 | D:1      | Reached XP level 1. HP: 11/11 MP: 1/1
    12 | D:1      | Reached skill level 5 in Stealth
   116 | D:1      | Reached XP level 2. HP: 15/15 MP: 3/3
   388 | D:1      | Reached skill level 6 in Stealth
   427 | D:1      | Reached XP level 3. HP: 16/18 MP: 4/4
   936 | D:2      | Reached XP level 4. HP: 21/23 MP: 5/5
   956 | D:2      | Reached skill level 7 in Stealth
   970 | D:2      | Found a stormy altar of Qazlal.
  1290 | D:3      | HP: 1/23 [kobold/short sword (1)]
  1401 | D:3      | Reached XP level 5. HP: 11/26 MP: 4/7
  1508 | D:3      | Found an iron altar of Okawaru.
  1535 | D:3      | Became a worshipper of Warmaster Okawaru
  1777 | D:3      | Reached skill level 8 in Stealth
  2578 | D:4      | Noticed an ogre
  2582 | D:4      | Killed an ogre
  2582 | D:4      | Reached skill level 9 in Stealth
  2582 | D:4      | Gained mutation: You heal very quickly. [vine stalker growth]
  2582 | D:4      | Reached XP level 6. HP: 30/30 MP: 8/8
  2775 | D:4      | Found a staircase to the Ecumenical Temple.
  2789 | D:4      | Acquired Okawaru's first power
  3067 | D:4      | Found a roughly hewn altar of Beogh.
  3094 | D:4      | Killed from afar by an orc priest

Action                   |  1- 3 |  4- 6 || total
-------------------------+-------+-------++-------
Melee: Dagger            |   121 |   197 ||   318
 Stab: Sleeping          |     7 |    14 ||    21
  Eat: Chunk             |       |     5 ||     5
       Fruit             |       |     2 ||     2
